 Dungeon Crawl Stone Soup version 0.24-a0-475-g5b41c6f (webtiles) character file.

Game seed: 4113184210514561324

56 ssg the Skirmisher (level 3, -1/30 HPs)
             Began as a Demonspawn Gladiator on July 5, 2019.
             Killed by divine providence
             ... invoked by an orc priest
              (13 damage)
             ... on level 2 of the Dungeon.
             The game lasted 00:02:23 (1195 turns).

ssg the Skirmisher (Demonspawn Gladiator)           Turns: 1195, Time: 00:02:23

Health: -1/30      AC:  4    Str: 15    XL:     3   Next: 69%
Magic:  3/3        EV: 12    Int:  9    God:
Gold:   83         SH:  0    Dex: 14    Spells: 2/2 levels left

rFire    . . .     SeeInvis .   a - +0 long sword
rCold    . . .     Gourm    .   (no shield)
rNeg     . . .     Faith    .   b - +0 leather armour
rPois    .         Spirit   .   c - +0 helmet
rElec    .         Reflect  .   (no cloak)
rCorr    .         Harm     .   (no gloves)
MR       .....                  (no boots)
Stlth    +.........             (no amulet)
HPRegen  0.10/turn              (no ring)
MPRegen  0.08/turn              (no ring)

@: no status effects
A: powered by pain 1
a: no special abilities


You were on level 2 of the Dungeon.
You were very hungry.

You visited 1 branch of the dungeon, and saw 2 of its levels.

You collected 83 gold pieces.

Inventory:

Hand Weapons
 a - a +0 long sword (weapon)
Missiles
 d - 3 throwing nets (quivered)
Armour
 b - a +0 leather armour (worn)
 c - a +0 helmet (worn)
Jewellery
 l - an uncursed amulet of rage {unknown}
 n - a cursed -3 ring of strength {unknown}
Wands
 p - a wand of paralysis (7)
Scrolls
 e - 3 scrolls of remove curse {unknown}
 g - 2 scrolls of teleportation {unknown}
 i - a scroll of fog {unknown}
 j - 4 scrolls of identify {unknown}
 o - 2 scrolls of magic mapping {unknown}
Potions
 h - a potion of haste {unknown}
 k - a potion of flight {unknown}
 m - 2 potions of brilliance {unknown}
 q - a potion of mutation {unknown}
Comestibles
 f - 6 rations


   Skills:
 + Level 4.1 Fighting
 - Level 2.6 Long Blades
 - Level 1.7 Throwing
 - Level 2.6 Dodging


You had 2 spell levels left.
You didn't know any spells.
Your spell library was empty.

Dungeon Overview and Level Annotations

Branches:
Dungeon (2/15)

Altars:


Innate Abilities, Weirdness & Mutations

You sometimes gain a little power by taking damage.


Message History

An orc wizard comes into view. It is wielding a +0 dagger.
You hit the orc priest.
The orc priest is moderately wounded.
The orc priest invokes the aid of Beogh against you.
Pain shoots through your body! The orc priest hits you with a +0 whip.
You are too injured to fight recklessly!
You are too injured to fight recklessly!
You are too injured to fight recklessly!
You are too injured to fight recklessly!
You are too injured to fight recklessly!
You are too injured to fight recklessly!
You are too injured to fight recklessly!
You are too injured to fight recklessly!
You are too injured to fight recklessly!
You are too injured to fight recklessly!
You are too injured to fight recklessly!
Unknown command.
The orc priest calls down the wrath of Beogh upon you.
Beogh smites you!
You die...

#.#####.#..........##<..
#.....#.#..........##...
#.(...#.#..†............
#.....#.#...........#...
#.....#.#.##..##.##.#...
#.........##..##....#...
##....#.####...#########
#....#.# #..... .
#....#@######.#.# ##
####...o....#.....
#....o...#..##.
#......o.##
#........oo..#
###########... ..


You could see an orc priest, an orc wizard and 3 orcs.

Vanquished Creatures
  2 adders (D:2)
  A dart slug (D:1)
  A giant cockroach (D:1)
  6 hobgoblins (D:1)
  7 kobolds (D:1)
  A ball python (D:2)
  3 bats (D:1)
  3 frilled lizards (D:1)
  5 goblins (D:1)
  9 rats
38 creatures vanquished.

Notes
Turn   | Place    | Note
-------+----------+-------------------------------------------
     0 | D:1      | ssg the Demonspawn Gladiator began the quest for the Orb.
     0 | D:1      | Reached XP level 1. HP: 16/16 MP: 1/1
   238 | D:1      | Gained mutation: You sometimes gain a little power by
                  | taking damage. [demonic ancestry]
   238 | D:1      | Reached XP level 2. HP: 17/23 MP: 2/2
   249 | D:1      | Reached skill level 3 in Fighting
   774 | D:1      | Reached XP level 3. HP: 29/29 MP: 3/3
  1160 | D:2      | Reached skill level 4 in Fighting
  1195 | D:2      | Killed from afar by an orc priest

Levels and vault maps discovered:
D:1:      saegor_arrival_simple_a, layout_rooms, minmay_misc_feat_iff,
          minmay_rat_gold_closets
D:2:      layout_basic, chequers_ecumenical_altar_simple, first_ration,
          okawaru_metal_pillars_1_2, uniq_crazy_yiuf_cottage

Skill      XL: |  1  2  3 |
---------------+----------+-----
Fighting       | 3 4 |  4.1
Long Blades    | |  2.6
Throwing       | |  1.7
Dodging        | |  2.6

Action                   || total
-------------------------++-------
Melee: Long sword        ||    89
 Stab: Sleeping          ||     4
Armor: Leather armour    ||    22
Dodge: Dodged            ||    55
       Rpst.: Long sword ||    22

Table legend:
 A = Non-vault XP
 B = Vault XP
 C = Vault XP percentage of total XP
 D = Non-vault monster count
 E = Vault monster count
 F = Vault count percentage of total count
                 A         B        C        D         E       F
            +---------+---------+-------+---------+---------+-------
      Total |      73 |       7 |   8.8 |      31 |       7 |  18.4
            +---------+---------+-------+---------+---------+-------
        D:1 |      44 |       7 |  13.7 |      26 |       7 |  21.2
        D:2 |      29 |       0 |   0.0 |       5 |       0 |   0.0
            +---------+---------+-------+---------+---------+-------
